 Dungeon Crawl Stone Soup version 0.29.0-4-gdea44cf6ec (webtiles) character file.

Game seed: 2964979223371451233

68 qw the Sneak (level 4, 0/35 HPs)
             Began as a Ghoul Enchanter on Sept 4, 2022.
             Slain by an orc
             ... wielding a +0 trident
              (6 damage)
             ... on level 4 of the Dungeon.
             The game lasted 00:01:09 (4318 turns).

qw the Sneak (Ghoul Enchanter)                      Turns: 4318, Time: 00:01:10

Health: 0/35       AC: 13    Str: 13    XL:     4   Next: 19%
Magic:  5/5        EV:  3    Int: 10    God:
Gold:   113        SH:  0    Dex:  9    Spells: 6/6 levels left

rFire   . . .      SeeInvis .     - Unarmed
rCold   + . .      Faith    .   (no shield)
rNeg    + + +      Spirit   .   d - +0 plate armour
rPois   inf        Reflect  .   h - +0 helmet
rElec   .          Harm     .   l - +0 cloak
rCorr   .          Rampage  .   m - +0 pair of gloves
Will    .....                   (no boots)
Stlth   ..........              (no amulet)
HPRegen 0.00/turn               (no ring)
MPRegen 0.09/turn               (no ring)

@: about to teleport, inhibited regen
A: claws 1, cold resistance 1, negative energy resistance 3, inhibited
regeneration, torment resistance 2, devour on kill
a: no special abilities


You were on level 4 of the Dungeon.
You visited 1 branch of the dungeon, and saw 4 of its levels.

You collected 113 gold pieces.


Innate Abilities, Weirdness & Mutations

You are immune to poison.
You have sharp fingernails.
Your flesh is cold resistant. (rC+)
You are immune to negative energy. (rN+++)
You do not regenerate when monsters are visible.
You are immune to unholy pain and torment.
You thrive by killing the living.


   Skills:
 - Level 1.2 Fighting
 - Level 0.8 Short Blades
 - Level 1.1 Armour
 - Level 1.7 Dodging
 - Level 3.2 Stealth
 + Level 3.2 Unarmed Combat
 - Level 1.7 Spellcasting
 - Level 2.4 Hexes


You had 6 spell levels left.
You didn't know any spells.
Your spell library contained the following spells:

 Spells                   Type           Power      Damage    Failure   Level
 Ensorcelled Hibernation  Hex/Ice        6%         N/A       100%        2
 Confusing Touch          Hex            5%         N/A       100%        3
 Dazzling Flash           Conj/Hex       6%         N/A       100%        3
 Tukima's Dance           Hex            5%         N/A       100%        3

Inventory:

Missiles
 i - 2 silver javelins (quivered)
Armour
 d - a +0 plate armour (worn)
 h - a +0 helmet (worn)
 l - a +0 cloak (worn)
 m - a +0 pair of gloves (worn)
Scrolls
 e - a scroll of identify
Potions
 a - a potion of heal wounds
 f - a potion of curing
 k - a potion of flight {unknown}

Dungeon Overview and Level Annotations

Branches:
Dungeon (4/15)
 Temple: D:4-7

Altars:
Fedhas
Uskayaw

Annotations:
D:3 3 runed translucent doors, qw's ghost, amateur FoCA


Message History

The orc hits you with a +0 trident.
Things that are here:
a +0 club; a +0 leather armour; an orc corpse You barely miss the orc.
The orc hits you with a +0 trident.
You closely miss the orc. The orc barely misses you.
4308 ||| Stepping ~*~*~tactically~*~*~ (outnumbered).
The orc attacks as you move away! The orc hits you but does no damage.
The orc hits you from afar with a +0 trident.
You barely miss the orc. The orc hits you but does no damage. x2
You closely miss the orc. The orc hits you but does no damage.
The orc barely misses you. x2
You barely miss the orc. The orc hits you but does no damage. x3
You barely miss the orc.
The orc hits you but does no damage. x2; The orc barely misses you.
You hit the orc.
The orc is moderately wounded.
The orc hits you but does no damage. x2; The orc hits you with a +0 club.
You closely miss the orc.
The orc is lightly wounded.
The orc hits you but does no damage. x3
You closely miss the orc.
The orc is lightly wounded.
The orc hits you from afar with a +0 trident.
The orc hits you but does no damage. x2
You hit the orc.
The orc is almost dead.
The orc hits you but does no damage. The orc barely misses you.
The orc hits you from afar with a +0 trident.
You hit the orc.
You kill the orc!
The orc hits you from afar with a +0 trident. x2
4318 ||| READING scroll of teleportation.
As you read the scroll of teleportation, it crumbles to dust.
You feel strangely unstable.
The orc hits you from afar with a +0 trident.
You die...

##...##
..#.. .(
#.#.###..|.
#<#)....o..
####(.# ##..
#>....#o....
#.##oo..#
###'##)####
#....#@#
#....#.#
#....#<#
#....###
#....#
#....#
#....#
#....#


You could see 2 orcs.

Vanquished Creatures
  An adder (D:3)
  An ufetubus (D:4)
  A worm (D:2)
  2 dart slugs (D:1)
  2 orcs (D:4)
  5 ball pythons
  3 bats
  9 endoplasms
  2 giant cockroaches (D:1)
  2 goblins
  2 hobgoblins
  3 kobolds (D:2)
  2 quokkas
  6 frilled lizards
  3 rats
44 creatures vanquished.

Notes
Turn   | Place    | Note
-------+----------+-------------------------------------------
     0 | D:1      | qw the Ghoul Enchanter began the quest for the Orb.
     0 | D:1      | Reached XP level 1. HP: 14/14 MP: 2/2
     0 | D:1      | 0 ||| qw: Version: 0.1-a-103-gd6f5d3a
     0 | D:1      | 0 ||| qw: Game counter: 5604
     0 | D:1      | 0 ||| qw: Always use a shield: true
     0 | D:1      | 0 ||| qw: God list: Okawaru
     0 | D:1      | 0 ||| qw: Allow faded altars: false
     0 | D:1      | 0 ||| qw: Do Orc after D:15 true
     0 | D:1      | 0 ||| qw: Do second Lair branch before Depths: true
     0 | D:1      | 0 ||| qw: Lair rune preference: random
     0 | D:1      | 0 ||| qw: Plans: Normal
     0 | D:1      | 0 ||| PLANNING D:1-11
     1 | D:1      | 1 ||| DROPPING +1 dagger.
   243 | D:1      | Reached skill level 1 in Unarmed Combat
   373 | D:1      | Reached skill level 1 in Fighting
   373 | D:1      | Reached XP level 2. HP: 14/23 MP: 3/3
   550 | D:1      | 550 ||| Stepping ~*~*~tactically~*~*~ (hiding).
   652 | D:1      | 652 ||| Stepping ~*~*~tactically~*~*~ (hiding).
   754 | D:1      | 754 ||| Stepping ~*~*~tactically~*~*~ (hiding).
   856 | D:1      | 856 ||| Stepping ~*~*~tactically~*~*~ (hiding).
   958 | D:1      | 958 ||| Stepping ~*~*~tactically~*~*~ (hiding).
  1060 | D:1      | 1060 ||| Stepping ~*~*~tactically~*~*~ (hiding).
  1402 | D:1      | 1402 ||| Stepping ~*~*~tactically~*~*~ (hiding).
  1504 | D:1      | 1504 ||| Stepping ~*~*~tactically~*~*~ (hiding).
  1606 | D:1      | 1606 ||| Stepping ~*~*~tactically~*~*~ (hiding).
  1708 | D:1      | 1708 ||| Stepping ~*~*~tactically~*~*~ (hiding).
  1810 | D:1      | 1810 ||| Stepping ~*~*~tactically~*~*~ (hiding).
  2128 | D:1      | 2128 ||| UPGRADING to +0 helmet.
  2133 | D:1      | 2133 ||| READING scroll labelled COHYCE XOWNONT.
  2134 | D:1      | 2134 ||| READING scroll labelled VOK FOLEICS.
  2135 | D:1      | 2135 ||| DROPPING 2 potions of invisibility.
  2246 | D:2      | 2246 ||| STAIRDANCE
  2335 | D:2      | Reached XP level 3. HP: 24/28 MP: 4/4
  2415 | D:2      | Identified the +2 leather armour of the Lost Path {Stlth+}
  2484 | D:2      | 2484 ||| Stepping ~*~*~tactically~*~*~ (stealth).
  2778 | D:2      | Reached skill level 3 in Unarmed Combat
  2822 | D:2      | 2822 ||| Stepping ~*~*~tactically~*~*~ (stealth).
  2824 | D:2      | 2824 ||| Stepping ~*~*~tactically~*~*~ (stealth).
  2826 | D:2      | 2826 ||| Stepping ~*~*~tactically~*~*~ (stealth).
  2827 | D:2      | 2827 ||| Stepping ~*~*~tactically~*~*~ (stealth).
  2828 | D:2      | 2828 ||| Stepping ~*~*~tactically~*~*~ (stealth).
  2996 | D:2      | 2996 ||| UPGRADING to +0 plate armour.
  3006 | D:2      | 3006 ||| DROPPING +0 robe.
  3007 | D:2      | 3007 ||| READING 4 scrolls labelled KIUSARI HINA.
  3008 | D:2      | 3008 ||| READING scroll labelled JIYRYENYGO.
  3011 | D:2      | 3011 ||| READING scroll labelled LUSAXO DUASIE.
  3012 | D:2      | 3012 ||| DRINKING 2 silvery potions.
  3013 | D:2      | 3013 ||| READING 3 scrolls of identify.
  3013 | D:2      | 3013 ||| IDENTIFYING fuming brown potion
  3014 | D:2      | 3014 ||| READING 2 scrolls of identify.
  3014 | D:2      | 3014 ||| IDENTIFYING smoky white potion
  3015 | D:2      | 3015 ||| DROPPING potion of magic.
  3016 | D:2      | 3016 ||| DROPPING potion of lignification.
  3071 | D:3      | Identified the +11 whip "Izevoux" {vorpal, rN++}
  3314 | D:3      | Found a blossoming altar of Fedhas.
  3329 | D:3      | Noticed an oklob plant
  3663 | D:3      | Noticed a +0 dagger
  3663 | D:3      | Noticed a +0 spear
  3664 | D:3      | Noticed a +0 short sword
  3664 | D:3      | Noticed a +0 falchion
  3664 | D:3      | Noticed a +0 spear
  3665 | D:3      | Noticed a +0 falchion
  3666 | D:3      | Noticed a +0 short sword
  3667 | D:3      | Noticed a +0 dagger
  3748 | D:3      | Found a hide-covered altar of Uskayaw.
  3801 | D:3      | Reached skill level 1 in Armour
  3801 | D:3      | Reached XP level 4. HP: 35/35 MP: 5/5
  3803 | D:3      | Found a runed translucent gate.
  3803 | D:3      | Found a runed translucent gate.
  3803 | D:3      | Noticed a kobold brigand
  3803 | D:3      | Noticed qw's ghost (amateur FoCA)
  3805 | D:3      | Found a runed translucent gate.
  4022 | D:3      | 4022 ||| UPGRADING to +0 cloak.
  4027 | D:3      | 4027 ||| UPGRADING to +0 pair of gloves.
  4032 | D:3      | 4032 ||| READING scroll labelled APSEDDEHUN.
  4033 | D:3      | 4033 ||| READING scroll labelled JEENAATOKH.
  4034 | D:3      | 4034 ||| READING scroll labelled XAEPRA SIRI.
  4035 | D:3      | 4035 ||| DRINKING 2 red potions.
  4117 | D:4      | 4117 ||| FLEEEEING.
  4118 | D:4      | 4118 ||| FLEEEEING.
  4119 | D:4      | 4119 ||| STAIRDANCE
  4308 | D:4      | 4308 ||| Stepping ~*~*~tactically~*~*~ (outnumbered).
  4317 | D:4      | HP: 6/35 [orc/+0 trident (4)]
  4318 | D:4      | 4318 ||| READING scroll of teleportation.
  4318 | D:4      | Slain by an orc

Levels and vault maps discovered:
D:1:      dpeg_arrival_ternary, layout_basic
D:2:      layout_basic
D:3:      layout_loops_corners, nicolae_uskayaw_en_pointe, tgw_fedhas,
          gammafunk_ghost_nasty_kobolds
D:4:      layout_basic, minmay_temple_entry_overgrown

Skill      XL: |  1  2  3 |
---------------+----------+-----
Unarmed Combat | 1 2 3 |  3.2
Fighting       | 1 |  1.2
Armour         | 1 |  1.1
Short Blades   | |  0.8
Dodging        | |  1.7
Stealth        | |  3.2
Spellcasting   | |  1.7
Hexes          | |  2.4

Action                   |  1- 3 |  4- 6 || total
-------------------------+-------+-------++-------
Melee: Unarmed           |   108 |    21 ||   129
       Punch             |     1 |       ||     1
Throw: Javelin           |    29 |     3 ||    32
  Use: Scroll            |     7 |     4 ||    11
       Potion            |     1 |     1 ||     2
Armor: Robe              |    10 |       ||    10
       Plate armour      |    16 |    33 ||    49
Dodge: Dodged            |    43 |     7 ||    50

Table legend:
 A = Non-vault XP
 B = Vault XP
 C = Vault XP percentage of total XP
 D = Non-vault monster count
 E = Vault monster count
 F = Vault count percentage of total count
                 A         B        C        D         E       F
            +---------+---------+-------+---------+---------+-------
      Total |      98 |       0 |   0.0 |      44 |       0 |   0.0
            +---------+---------+-------+---------+---------+-------
        D:1 |      30 |       0 |   0.0 |      16 |       0 |   0.0
        D:2 |      30 |       0 |   0.0 |      17 |       0 |   0.0
        D:3 |      24 |       0 |   0.0 |       8 |       0 |   0.0
        D:4 |      14 |       0 |   0.0 |       3 |       0 |   0.0
            +---------+---------+-------+---------+---------+-------
